 Dungeon Crawl Stone Soup version 0.21-a0-135-g8dc100c (webtiles) character file.

10645 smartmark the Magician (level 11, 0/85 HPs)
             Began as a Demigod Wanderer on July 17, 2017.
             Slain by a spiny frog (22 damage)
             ... on level 1 of the Lair of Beasts.
             The game lasted 00:46:22 (16936 turns).

smartmark the Magician (Demigod Wanderer)          Turns: 16936, Time: 00:46:23

Health: 0/85       AC:  8    Str: 16    XL:     11   Next: 16%
Magic:  4/26       EV: 17    Int: 21    God:
Gold:   632        SH:  0    Dex: 15    Spells: 7/25 levels left

rFire    . . .     SeeInvis .   L - +3 dagger (elec)
rCold    . . .     Gourm    .   (no shield)
rNeg     . . .     Faith    .   d - +1 robe
rPois    .         Spirit   .   Y - +0 helmet
rElec    .         Reflect  .   x - +0 cloak
rCorr    .         Harm     +   z - +2 pair of gloves
MR       +....                  (no boots)
Stlth    +.........             j - amulet of harm
HPRegen  0.24/turn              P - +3 ring of slaying
MPRegen  0.20/turn              r - ring of wizardry

@: no status effects
A: high mp 1
a: no special abilities


You were on level 1 of the Lair of Beasts.
You were not hungry.

You visited 2 branches of the dungeon, and saw 11 of its levels.

You collected 692 gold pieces.
You spent 60 gold pieces at shops.

Inventory:

Hand Weapons
 e - a +0 dagger
 i - a +0 whip
 l - the +7 lajatang of Order {silver, rMut}
   (You found it on level 7 of the Dungeon)

   It protects you from mutation.
 w - a +0 fustibalus
 C - a +0 dagger of draining
 J - a +0 rapier of protection
 L - a +3 dagger of electrocution (weapon)
Missiles
 a - 2 throwing nets
 f - 326 stones (quivered)
Armour
 d - a +1 robe (worn)
 v - a +0 hat
 x - a +0 cloak (worn)
 z - a +2 pair of gloves (worn)
 X - a +0 troll leather armour
 Y - a +0 helmet (worn)
Jewellery
 g - an uncursed ring of fire
 h - an uncursed ring of resist corrosion
 j - an amulet of harm (around neck)
 n - an uncursed ring of flight
 r - a ring of wizardry (right hand)
 y - an uncursed ring of positive energy
 F - an uncursed ring of positive energy
 P - a +3 ring of slaying (left hand)
 U - a +3 amulet of reflection {unknown}
 Z - a +3 ring of strength {unknown}
Wands
 b - a wand of random effects (13/48)
 B - a wand of polymorph (23/24)
 M - a wand of lightning (10/15)
Scrolls
 c - a scroll of blinking
 q - 7 scrolls of teleportation
 t - 2 scrolls of fog
 A - 6 scrolls of remove curse
 N - 3 scrolls of amnesia
 R - 2 scrolls of magic mapping
 S - a scroll of recharging
 T - 4 scrolls of enchant weapon
Potions
 m - 3 potions of flight
 o - 3 potions of might
 p - 3 potions of lignification
 s - 3 potions of mutation
 u - 4 potions of brilliance
 D - 2 potions of berserk rage
 G - 2 potions of haste
 I - a potion of degeneration
 Q - 2 potions of agility
 W - a potion of cancellation
Comestibles
 k - 6 fruits
 E - a chunk of flesh
 H - 2 bread rations
 V - 10 royal jellies


   Skills:
 - Level 4.6 Fighting
 - Level 6.8 Short Blades
 - Level 1.0 Throwing
 - Level 7.3 Dodging
 - Level 7.7 Spellcasting
 - Level 5.6 Conjurations
   Level 1.7 Charms
 + Level 7.4 Summonings
 - Level 1.2 Fire Magic
 - Level 3.3 Ice Magic
   Level 1.0 Earth Magic
 - Level 1.0 Evocations


You had 7 spell levels left.
You knew the following spells:

 Your Spells              Type           Power        Failure   Level  Hunger
a - Magic Dart            Conj           ####         1%          1    None
b - Call Imp              Summ           #####...     1%          2    None
c - Blink                 Tloc           N/A          4%          2    None
d - Mephitic Cloud        Conj/Pois/Air  ###.....     4%          3    None
e - Conjure Flame         Conj/Fire      ###.....     2%          3    None
f - Apportation           Tloc           #.....       3%          1    None
g - Slow                  Hex            #.......     4%          2    None
h - Summon Ice Beast      Ice/Summ       ####....     3%          4    ###....


Dungeon Overview and Level Annotations

Branches:
Dungeon (10/15)            Temple (0/1) D:4            Lair (1/6) D:8
    Orc: D:9-12

Shops:
D:4 ?

Annotations:
D:10 minicreteconcrete's ghost, journeyman MiGl
Lair:1 exclusion: oklob plant


Innate Abilities, Weirdness & Mutations

You have an increased reservoir of magic. (+10% MP)


Message History

The spiny frog is severely wounded.
The spiny frog stings you!
Casting: Magic Dart
Confirm with . or Enter, or press ? or * to list all spells.
Aiming: Magic Dart
Press: ? - help, Shift-Dir - straight line, f/p - spiny frog
Aim: a spiny frog (severely wounded)
The magic dart hits the spiny frog.
The spiny frog is severely wounded.
The spiny frog stings you!!
* * * LOW HITPOINT WARNING * * *
Casting: Magic Dart
Confirm with . or Enter, or press ? or * to list all spells.
Aiming: Magic Dart
Press: ? - help, Shift-Dir - straight line, f/p - spiny frog
Aim: a spiny frog (severely wounded)
The magic dart hits the spiny frog.
The spiny frog is severely wounded.
The spiny frog stings you!!
You die...

#..... '...P# #.......
..#...###...# ##......
............# #.P.#.P
.......>....# #.#####
............# #.# #
............# ###.# #
..###.#.....#######P..# #
. ###................# #
..#......@...........# ###
.........F...........###..
.....#....................
......##..................
. .#.................'....
#.#......###.##..#..)..
####...........#.#..#..
.#.............#..#..
...........+......P.#..#..


You could see a spiny frog.

Vanquished Creatures
  Harold (Lair:1)
  Pikel (D:5)
  A spiny frog (Lair:1)
  A queen bee (D:10)
  A troll (D:9)
  Grinder (D:4)
  4 hippogriffs
  Sigmund (D:2)
  7 yaks
  Eustachio (D:5)
  The ghost of grindst0ne the Grave Robber, an amateur HONe (D:4)
  A water moccasin (Lair:1)
  Duvessa (D:5)
  2 porcupines (Lair:1)
  3 orc warriors
  An ice beast (D:8)
  2 phantoms
  A sky beast (D:7)
  A black bear (Lair:1)
  A hornet zombie (D:10)
  A wolf (Lair:1)
  4 ogres
  4 centaurs
  A crocodile (D:8)
  A big kobold (D:6)
  3 bullfrogs
  A water moccasin skeleton (D:4)
  18 killer bees
  3 howler monkeys
  2 crimson imps
  A bullfrog zombie (D:6)
  Crazy Yiuf (D:2)
  3 hounds
  A jelly (D:8)
  2 bullfrog skeletons
  11 orc priests
  2 centaur skeletons
  3 iguanas (D:5)
  Jessica (D:2)
  10 worker ants
  5 orc wizards
  A hound zombie (D:7)
  10 adders
  4 shadow imps
  2 oozes
  5 worms
  7 dart slugs
  7 leopard geckos
  40 orcs
  3 giant cockroaches
  13 goblins
  4 hobgoblins
  6 jackals
  10 kobolds
  6 quokkas
  3 ball pythons
  11 bats
  5 frilled lizards
  A leopard gecko skeleton (D:5)
  A leopard gecko zombie (D:8)
  A quokka skeleton (D:6)
  11 rats
  A fungus (D:2)
263 creatures vanquished.

Vanquished Creatures (collateral kills)
  Joseph (Lair:1)
  A spiny frog (Lair:1)
  2 komodo dragons (Lair:1)
  A hornet (D:7)
  A hippogriff (Lair:1)
  5 yaks (Lair:1)
  A wyvern (Lair:1)
  Menkaure (D:6)
  2 water moccasins
  A porcupine (Lair:1)
  An orc warrior (D:4)
  An ice beast (D:7)
  A centaur (D:6)
  A big kobold (D:8)
  7 bullfrogs
  A scorpion (D:7)
  Dowan (D:5)
  9 killer bees
  2 howler monkeys
  3 jellies
  2 hounds
  An orc wizard (D:5)
  A worker ant zombie (D:5)
  3 gnolls (D:6)
  2 adders
  6 oozes
  An adder skeleton (D:8)
  An orc (D:5)
  A giant cockroach (D:8)
  2 goblins (D:2)
  2 hobgoblins
  2 jackals (D:2)
  3 kobolds (D:8)
70 creatures vanquished.

Vanquished Creatures (others)
  2 slaves (D:5)
  An orc wizard (D:5)
  An orc (D:5)
  A ball python (D:5)
  A frilled lizard (D:5)
  A plant (Lair:1)
7 creatures vanquished.

Grand Total: 340 creatures vanquished

Notes
Turn   | Place    | Note
-------+----------+-------------------------------------------
     0 | D:1      | smartmark the Demigod Wanderer began the quest for the Orb.
     0 | D:1      | smartmark set off with: a book of Minor Magic, Ukessienn's Catalogue of Orientation, a scroll of teleportation, a +0 robe, a +0 dagger, a bread ration
     0 | D:1      | Reached XP level 1. HP: 14/14 MP: 8/8
     0 | D:1      | Identified Ukessienn's Catalogue of Orientation
     2 | D:1      | Learned a level 1 spell: Magic Dart
   644 | D:1      | Reached skill level 1 in Conjurations
   644 | D:1      | Reached XP level 2. HP: 13/20 MP: 1/10
   855 | D:1      | Learned a level 2 spell: Call Imp
   858 | D:1      | Learned a level 2 spell: Blink
  1135 | D:1      | Reached XP level 3. HP: 26/26 MP: 9/12
  1222 | D:1      | Learned a level 3 spell: Mephitic Cloud
  1226 | D:1      | Learned a level 3 spell: Conjure Flame
  1727 | D:2      | Noticed Sigmund
  1876 | D:2      | Killed Sigmund
  1876 | D:2      | Reached XP level 4. HP: 33/33 MP: 1/13
  1876 | D:2      | Reached XP level 5. HP: 38/38 MP: 1/15
  2441 | D:2      | Noticed Jessica
  2446 | D:2      | Killed Jessica
  2658 | D:2      | Found a snail-covered altar of Cheibriados.
  2932 | D:2      | Reached skill level 5 in Conjurations
  3194 | D:2      | Found a runed door.
  3198 | D:2      | Noticed Crazy Yiuf
  3215 | D:2      | Killed Crazy Yiuf
  3480 | D:3      | Noticed a water moccasin
  3507 | D:3      | Killed a water moccasin
  3507 | D:3      | Reached XP level 6. HP: 45/45 MP: 10/16
  3966 | D:3      | Reached skill level 1 in Summonings
  4130 | D:3      | Reached skill level 1 in Fighting
  4275 | D:3      | Learned a level 1 spell: Apportation
  4278 | D:3      | Learned a level 2 spell: Slow
  4607 | D:4      | Noticed grindst0ne's ghost (amateur HONe)
  4693 | D:4      | Reached XP level 7. HP: 25/56 MP: 6/17
  4988 | D:4      | Found Qozuptan's Magic Scroll Emporium.
  4991 | D:4      | Bought a scroll of teleportation for 30 gold pieces
  4991 | D:4      | Bought a scroll of teleportation for 30 gold pieces
  5107 | D:4      | Found a staircase to the Ecumenical Temple.
  5126 | D:4      | Killed grindst0ne's ghost
  5503 | D:4      | Noticed Grinder
  5562 | D:4      | Paralysed by Grinder for 3 turns
  5577 | D:4      | Killed Grinder
  6098 | D:4      | Reached skill level 1 in Dodging
  6098 | D:4      | Reached XP level 8. HP: 67/67 MP: 4/18
  6292 | D:5      | Entered Level 5 of the Dungeon
  6356 | D:5      | Found a runed door.
  6364 | D:5      | Noticed Pikel
  6634 | D:5      | Noticed Dowan
  6640 | D:5      | Noticed Eustachio
  6681 | D:5      | Killed Dowan
  6842 | D:5      | Killed Eustachio
  6842 | D:5      | Reached skill level 5 in Spellcasting
  6842 | D:5      | Reached skill level 1 in Fire Magic
  6938 | D:5      | Killed Pikel
  6957 | D:5      | Noticed Duvessa
  6987 | D:5      | Killed Duvessa
  7766 | D:5      | Reached XP level 9. HP: 68/72 MP: 21/21
  7936 | D:4      | Learned a level 3 spell: Gell's Gravitas
  7942 | D:4      | Learned a level 4 spell: Summon Ice Beast
  7988 | D:5      | Found a basalt altar of Yredelemnul.
  8311 | D:5      | Reached skill level 1 in Ice Magic
  8319 | D:5      | Found a roughly hewn altar of Beogh.
  9165 | D:6      | Noticed Menkaure
  9174 | D:6      | Killed Menkaure
  9416 | D:6      | Found a sacrificial altar of Ru.
  9563 | D:6      | Reached skill level 5 in Dodging
  9776 | D:7      | Paralysed by a hornet for 1 turns
 10398 | D:7      | Found an ornate altar of the Wu Jian Council.
 10809 | D:7      | Reached skill level 5 in Short Blades
 11238 | D:7      | Found a burning altar of Makhleb.
 11238 | D:7      | Noticed a cacodemon
 11241 | D:7      | Noticed an orange demon
 11241 | D:7      | Noticed a hellwing
 11407 | D:8      | Found a shattered altar of Ashenzari.
 11479 | D:8      | Found a staircase to the Lair.
 11671 | D:8      | Found an iron altar of Okawaru.
 11782 | D:8      | Reached XP level 10. HP: 78/80 MP: 23/23
 14110 | D:10     | Entered Level 10 of the Dungeon
 14894 | D:10     | Noticed minicreteconcrete's ghost (journeyman MiGl)
 15307 | Lair:1   | Entered Level 1 of the Lair of Beasts
 15468 | Lair:1   | Reached skill level 5 in Summonings
 16052 | Lair:1   | Noticed an oklob plant
 16190 | Lair:1   | Noticed Joseph
 16252 | Lair:1   | Noticed Harold
 16301 | Lair:1   | Killed Harold
 16301 | Lair:1   | Reached XP level 11. HP: 48/85 MP: 12/26
 16534 | Lair:1   | Killed Joseph
 16936 | Lair:1   | Slain by a spiny frog

Vault maps used:
D:1:      minmay_arrival_plants_in_alcoves, minmay_tetromino_i4
D:2:      kennysheep_slug_shrine, st_stairs_14, uniq_jessica,
          uniq_crazy_yiuf_cottage, uniq_sigmund
D:4:      temple_pool_b, serial_shops, shop_statue, kennysheep_crisscross,
          uniq_grinder
D:5:      kennysheep_little_box, first_bread, lightli_church_of_beogh,
          uniq_eustachio, uniq_duvessa, uniq_pikel
D:6:      nicolae_ru_the_path_less_chosen, uniq_menkaure
D:7:      makhleb_altar_promises_db, nicolae_overflow_crystal_walls
D:8:      okawaru_trees_2, lair_entry_dummy, hangedman_little_slice_of_home,
          ashenzari_altar_1
Lair:1:   minmay_lair_oklob_items, beast_lair_carwin_4, uniq_joseph, uniq_harold

Skill      XL: |  1  2  3  4  5  6  7  8  9 10 11 |
---------------+----------------------------------+-----
Conjurations   | 1 2 4 5 |  5.6
Summonings     | 2 4 6 7 |  7.4
Fighting       | 2 4 |  4.6
Dodging        | 1 4 6 7 |  7.3
Spellcasting   | 5 6 7 |  7.7
Fire Magic     | 1 |  1.2
Short Blades   | 3 5 6 |  6.8
Ice Magic      | 3 |  3.3
Throwing       | |  1.0
Charms         | |  1.7
Earth Magic    | |  1.0
Evocations     | |  1.0

Action                   |  1- 3 |  4- 6 |  7- 9 | 10-12 || total
-------------------------+-------+-------+-------+-------++-------
Melee: Dagger            |    25 |    41 |   213 |   151 ||   430
Throw: Stone             |       |       |     5 |       ||     5
 Cast: Magic Dart        |    90 |   170 |   285 |    77 ||   622
       Call Imp          |    10 |     7 |    36 |     2 ||    55
       Mephitic Cloud    |     2 |     2 |    17 |    15 ||    36
       Conjure Flame     |       |       |     6 |     6 ||    12
       Blink             |       |       |     4 |    18 ||    22
       Summon Ice Beast  |       |       |    27 |    62 ||    89
  Use: Scroll            |     6 |     6 |    10 |     9 ||    31
       Potion            |       |       |     7 |     2 ||     9
 Stab: Confused          |     3 |     1 |     7 |     6 ||    17
       Distracted        |       |       |     3 |     1 ||     4
       Sleeping          |       |       |     1 |       ||     1
  Eat: Chunk             |     2 |     5 |    16 |    11 ||    34
       Bread ration      |       |     1 |       |     1 ||     2
       Royal jelly       |       |       |     2 |       ||     2
       Fruit             |       |       |     2 |     2 ||     4
       Meat ration       |       |       |     1 |     1 ||     2
Armor: Robe              |    13 |    14 |    83 |    26 ||   136
Dodge: Dodged            |    44 |    26 |   227 |   155 ||   452
